[Event "*** Titled Tuesday Blitz"]
[Site "Chess.com"]
[Date "2019.01.01"]
[Round "5"]
[White "Ali_rastbod"]
[Black "platy3"]
[Result "1-0"]
[WhiteElo "2591"]
[BlackElo "2793"]
[TimeControl "180+2"]
[EndTime "14:08:34 PST"]
[Termination "Ali_rastbod won by resignation"]

1. c4 e5 2. Nc3 Nf6 3. Nf3 Nc6 4. e4 Bb4 5. d3 Bxc3+ 6. bxc3 d6 7. Be2 O-O 8. O-O h6 9. Ne1 Be6 10. f4 exf4 11.
Bxf4 Nd7 12. d4 Na5 13. d5 Nb6 14. dxe6 fxe6 15. Bg3 Naxc4 16. Bxc4 Nxc4 17. Rxf8+ Qxf8 18. Qd3 b5 19. Nc2 Qf6 20. Rf1 Qg6 21. Nd4 a6 22. Qe2 Rf8 23. Rxf8+ Kxf8 24. a4 Na3 25. axb5 axb5 26.
Nxb5 Nxb5 27. Qxb5 Qxe4 28. Qb8+ Kf7 29. Qxc7+ Kg8 30.
h3 d5 31. Qe5 Qg6 32. Kh2 Kf7 33. Qc7+ Kg8 34. Be5 Kh7 35. Qe7 Kg8 36. Qd8+ Kh7 37. Qf8 Qg5 38. Qf4 Qg6 39. h4 Qh5 40. Bd4 Kg8 41. Kh3 Qd1 42. Qe3 Kf7 43. Qf3+ 1-0

[Event "*** Titled Tuesday Blitz"]
[Site "Chess.com"]
[Date "2019.01.01"]
[Round "5"]
[White "MikePerelshteyn"]
[Black "DoHoChess"]
[Result "1-0"]
[WhiteElo "2490"]
[BlackElo "2590"]
[TimeControl "180+2"]
[EndTime "14:08:40 PST"]
[Termination "MikePerelshteyn won by resignation"]

1. Nf3 d5 2. g3 g6 3. Bg2 Bg7 4. O-O e5 5. d3 Ne7 6. c4 c6 7.
Nc3 O-O 8. cxd5 cxd5 9. d4 e4 10. Ne5 Nbc6 11. Nxc6 Nxc6 12. e3 h5 13. f3 h4 14.
fxe4 dxe4 15. Nxe4 hxg3 16. Nxg3 Qh4 17. Qf3 Bg4 18.
Qf2 Rad8 19. Ne4 Qxf2+ 20. Nxf2 Be2 21. Re1 Bc4 22. a3 Na5 23. Bd2 Nb3 24. Rad1 Rfe8 25. Bc3 f5 26. Bxb7 Bh6 27. e4 fxe4 28. Rxe4 Rxe4 29.
Bxe4 Be3 30. Kg2 Re8 31. Ng4 Bg5 32. Bf3 Be2 33. Re1 Bxf3+ 34. Kxf3 Rxe1 35. Bxe1 Nxd4+ 36. Ke4 Nb3 37. Bf2 Bc1 38. Kd3 a5 39. a4 Bxb2 40.
Kc2 Nc5 41. Bxc5 1-0

[Event "*** Titled Tuesday Blitz"]
[Site "Chess.com"]
[Date "2019.01.01"]
[Round "5"]
[White "Arman_Hakemi"]
[Black "gmcorrales"]
[Result "0-1"]
[WhiteElo "2467"]
[BlackElo "2753"]
[TimeControl "180+2"]
[EndTime "14:08:42 PST"]
[Termination "gmcorrales won on time"]

1. e4 Nf6 2. e5 Nd5 3. d4 d6 4. Nf3 Bg4 5. h3 Bxf3 6. Qxf3 dxe5 7. dxe5 e6 8. Bd3 Nc6 9. Qg3 Ndb4 10. O-O Nxd3 11.
cxd3 Qd5 12. Nc3 Qd7 13. Be3 g6 14. d4 Be7 15. Rad1 Nb4 16. Qf3 c6 17. Bh6 Nd5 18.
Ne4 Rg8 19. a3 g5 20. g3 Rg6 21. Qh5 O-O-O 22. Bxg5 Bxg5 23. Nxg5 Rdg8 24. Ne4 Nf4 25. Qxh7 Qd5 26. Nd6+ Kb8 0-1

[Event "*** Titled Tuesday Blitz"]
[Site "Chess.com"]
[Date "2019.01.01"]
[Round "5"]
[White "Shivagami"]
[Black "GremioPrudente"]
[Result "1/2-1/2"]
[WhiteElo "2130"]
[BlackElo "2015"]
[TimeControl "180+2"]
[EndTime "14:08:48 PST"]
[Termination "Game drawn by repetition"]

1. d4 d5 2. Bf4 e6 3. e3 Nf6 4. Nd2 Bd6 5. Bg3 c5 6. c3 O-O 7. Bd3 Qc7 8. Ngf3 Nbd7 9. Bh4 e5 10. dxe5 Bxe5 11. Nxe5 Nxe5 12. Bc2 Qc6 13. O-O Ng6 14. Bg3 Bg4 15. f3 Be6 16. h4 Ne7 17. e4 Rad8 18. e5 Nd7 19. f4 Bf5 20. Bh2 Qg6 21.
Bxf5 Nxf5 22. Qe1 Qg4 23. Nf3 Rfe8 24. Rd1 Nf6 25. Qf2 Ne4 26. Qe1 Nfg3 27. Bxg3 Nxg3 28. Rf2 Ne4 29. Rf1 Ng3 30. Rf2 Ne4 31. Rf1 Ng3 1/2-1/2

[Event "*** Titled Tuesday Blitz"]
[Site "Chess.com"]
[Date "2019.01.01"]
[Round "5"]
[White "Orest_Vovk"]
[Black "Blitzstream"]
[Result "1-0"]
[WhiteElo "2390"]
[BlackElo "2545"]
[TimeControl "180+2"]
[EndTime "14:08:50 PST"]
[Termination "Orest_Vovk won by checkmate"]

1. g4 h5 2. g5 h4 3. g6 fxg6 4. d4 Nf6 5. Qd3 Kf7 6. Nf3 Rh5 7. Ne5+ Kg8 8. Qxg6 Qe8 9. Qxe8 Nxe8 10. e4 Nf6 11. Be2 Rh7 12. Nc3 Nc6 13. Be3 d6 14. Bc4+ e6 15. Nf3 Na5 16. Bd3 Ng4 17. e5 Rh8 18.
Bf4 d5 19. Rg1 Nh6 20. O-O-O Nf7 21. Rg6 Nc6 22. Nb5 Ne7 23. Rg2 c6 24. Nc7 Rb8 25. Ne8 Nh6 26. Nf6+ Kf7 27. Ng5# 1-0

[Event "*** Titled Tuesday Blitz"]
[Site "Chess.com"]
[Date "2019.01.01"]
[Round "5"]
[White "GMWSO"]
[Black "fmshawnrl123"]
[Result "1-0"]
[WhiteElo "2986"]
[BlackElo "2519"]
[TimeControl "180+2"]
[EndTime "14:08:52 PST"]
[Termination "GMWSO won by resignation"]

1. d4 Nf6 2. c4 e6 3. Nc3 Bb4 4. Nf3 d5 5. Bg5 h6 6. Bxf6 Qxf6 7. Qa4+ Nc6 8. cxd5 exd5 9. e3 O-O 10. Be2 Be6 11.
O-O a6 12. Rfc1 Bd6 13. Qd1 Rfe8 14. Na4 g5 15. Nc5 Bxc5 16. Rxc5 Rad8 17. Bxa6 Bc8 18.
Bb5 Re4 19. Bxc6 bxc6 20. Ne5 Rd6 21. Rac1 g4 22. Rxc6 Be6 23. Rxd6 cxd6 24. Nd3 h5 25. a4 h4 26. a5 g3 27. Qf3 gxh2+ 28. Kxh2 Qd8 29.
Nf4 Qxa5 30. Nxe6 Rxe6 31. Qg4+ Kf8 32. Rc8+ Ke7 33. Qxh4+ Kd7 34. Rf8 Qd2 35. Rxf7+ Kc6 36. Qh7 Kb5 37. Rf5 Kc4 38. Qc7+ Kd3 39. Qc3+ Qxc3 40. bxc3 Ke2 41. g3 Kf1 42. g4 1-0

[Event "*** Titled Tuesday Blitz"]
[Site "Chess.com"]
[Date "2019.01.01"]
[Round "5"]
[White "pandamaster3000"]
[Black "JoakimVonAnd"]
[Result "1/2-1/2"]
[WhiteElo "2211"]
[BlackElo "2335"]
[TimeControl "180+2"]
[EndTime "14:08:54 PST"]
[Termination "Game drawn by repetition"]

1. e4 c6 2. d4 d5 3. exd5 cxd5 4. Bd3 Nf6 5. c3 Nc6 6. Bf4 Bg4 7. Qb3 Qd7 8. Nd2 e6 9. Ngf3 Bd6 10. Bxd6 Qxd6 11. O-O O-O 12. Rae1 Bh5 13. Ne5 Rab8 14. f4 Bg6 15.
Qc2 Rfc8 16. Qb1 b5 17. f5 exf5 18. Bxf5 b4 19. Nxg6 hxg6 20. Bxc8 bxc3 21. Nb3 Rxc8 22. bxc3 Ne4 23. Rxe4 dxe4 24. Qxe4 Ne7 25. Nc5 Nf5 26. Qb7 Rc7 27. Qa8+ Kh7 28. Qe4 Re7 29. Qd3 Qd5 30.
Qh3+ Kg8 31. Rb1 Re8 32. Qf3 Qxa2 33. Rf1 Re3 34. Qa8+ Kh7 35. Ne4 f6 36. Qb7 Kh6 37. Qa8 Kh7 38. Qb7 Kh6 39. Qa8 Kh7 40. Qb7 Kh6 1/2-1/2

[Event "*** Titled Tuesday Blitz"]
[Site "Chess.com"]
[Date "2019.01.01"]
[Round "5"]
[White "lucasmito"]
[Black "TwentyHourADay"]
[Result "0-1"]
[WhiteElo "2405"]
[BlackElo "2255"]
[TimeControl "180+2"]
[EndTime "14:08:56 PST"]
[Termination "TwentyHourADay won on time"]

1. e4 g6 2. d4 Bg7 3. Be3 d6 4. Qd2 Nc6 5. f3 e5 6. Ne2 h5 7.
Nbc3 Nge7 8. O-O-O b5 9. Nxb5 Rb8 10. Nbc3 exd4 11. Nxd4 Ne5 12. Nd5 Nxd5 13. exd5 O-O 14.
f4 Ng4 15. Bg1 Bf5 16. c3 c5 17. Nc6 Qb6 18. Nxb8 Rxb8 19. b3 Qa5 20. Kb2 Nf6 21. Rc1 Ne4 22. Qe1 Qb4 23. g4 hxg4 24. Be3 a5 25. h3 a4 0-1

[Event "*** Titled Tuesday Blitz"]
[Site "Chess.com"]
[Date "2019.01.01"]
[Round "5"]
[White "Zarikovs1999"]
[Black "Fivetrick"]
[Result "0-1"]
[WhiteElo "2261"]
[BlackElo "2640"]
[TimeControl "180+2"]
[EndTime "14:09:10 PST"]
[Termination "Fivetrick won by resignation"]

1. Nf3 Nf6 2. c4 g6 3. Nc3 Bg7 4. g3 O-O 5. Bg2 d6 6. d4 Nc6 7. O-O a6 8. e4 Bg4 9. h3 Bxf3 10. Bxf3 e5 11. d5 Nd4 12. Bg2 c5 13. dxc6 bxc6 14. Be3 Nd7 15. Ne2 c5 16. Nc3 f5 17. exf5 gxf5 18. Bxa8 Qxa8 19. Bxd4 cxd4 20. Nd5 f4 21. Qg4 Qe8 22. gxf4 exf4 23. Nxf4 Rf6 24. Rae1 Ne5 25.
Kh1 Qf8 26. Nh5 Nxg4 0-1

[Event "*** Titled Tuesday Blitz"]
[Site "Chess.com"]
[Date "2019.01.01"]
[Round "5"]
[White "minnesotachessmaster"]
[Black "BillForster"]
[Result "1-0"]
[WhiteElo "1934"]
[BlackElo "1705"]
[TimeControl "180+2"]
[EndTime "14:09:10 PST"]
[Termination "minnesotachessmaster won on time"]

1. e4 c5 2. Nf3 a6 3. d4 cxd4 4. c3 dxc3 5. Nxc3 Nc6 6. Bc4 e6 7. O-O d6 8. Qe2 Be7 9. Rd1 Nf6 10. e5 Nd5 11. exd6 Nxc3 12. bxc3 Bf6 13. Bf4 O-O 14. Ne5 Nxe5 15. Bxe5 Bd7 16. Rd4 Rc8 17.
Rc1 Bc6 18. Bd3 Bxe5 19. Qxe5 Qf6 20. Qe3 Rfd8 21. c4 e5 22. Qh3 g6 23. Rh4 Bd7 24. Qe3 Qxd6 25. Bf1 f5 26. Qh6 Qe7 27. c5 Qg7 28.
Bc4+ Kh8 29. Qg5 1-0

[Event "*** Titled Tuesday Blitz"]
[Site "Chess.com"]
[Date "2019.01.01"]
[Round "5"]
[White "belisarius64"]
[Black "ehrenfeld"]
[Result "0-1"]
[WhiteElo "2536"]
[BlackElo "2442"]
[TimeControl "180+2"]
[EndTime "14:09:11 PST"]
[Termination "ehrenfeld won by resignation"]

1. c4 e5 2. Nc3 d6 3. Nf3 f5 4. d4 e4 5. Nd2 Nf6 6. e3 g6 7. f3 exf3 8. Qxf3 Bg7 9. Bd3 O-O 10.
O-O Nc6 11. a3 Bd7 12. b4 a6 13. Re1 Rb8 14. Nf1 f4 15. Ne2 fxe3 16. Bxe3 Ng4 17. Qd5+ Kh8 18. Bg5 Bf6 19. Bxf6+ Qxf6 20. Nfg3 Qf2+ 21.
Kh1 Ne3 22. Qe4 Rbe8 23. d5 Rxe4 24. Bxe4 Ne5 25. Nd4 Qf4 26. Ne6 Bxe6 27. dxe6 N3g4 28. Bxb7 Nxh2 29. Kxh2 Qh4+ 30. Kg1 Ng4 31. Bf3 Qxg3 32.
e7 Qh2+ 33. Kf1 Rxf3+ 0-1

[Event "*** Titled Tuesday Blitz"]
[Site "Chess.com"]
[Date "2019.01.01"]
[Round "5"]
[White "1e41-0"]
[Black "chedimir"]
[Result "1-0"]
[WhiteElo "2549"]
[BlackElo "2358"]
[TimeControl "180+2"]
[EndTime "14:09:15 PST"]
[Termination "1e41-0 won by resignation"]

1. d4 d5 2. c4 e6 3. Nc3 c5 4.
cxd5 cxd4 5. Qxd4 Nc6 6. Qd1 exd5 7. Nxd5 Be6 8. Nc3 Qxd1+ 9. Nxd1 Nd4 10. Ne3 Bb4+ 11.
Bd2 Bxd2+ 12. Kxd2 O-O-O 13. Ke1 Nf6 14. Nf3 Kb8 15.
g3 Nxf3+ 16. exf3 Rd6 17. Bc4 Rc8 18. Bxe6 fxe6 19. Rd1 Rb6 20. b3 Ra6 21. Ra1 Rc3 22. Kd2 Rc5 23. Rhc1 Rh5 24. h4 g5 25. hxg5 Rxg5 26. Ke2 Nd5 27. f4 Rh5 28. Nxd5 exd5 29. Kf3 d4 30. Rd1 Rd5 31. Rd2 Rdd6 32. Rad1 Kc7 33.
g4 b5 34. g5 Rd5 35. Ke4 Rd7 36. f5 Kc6 37. Rxd4 Rxd4+ 38. Rxd4 Rxa2 39. f3 Re2+ 40. Kf4 Re8 41. f6 Kc5 42. Rd7 a5 43. Rxh7 a4 44. bxa4 bxa4 45. Ra7 Kb4 46. g6 a3 47. f7 1-0

[Event "*** Titled Tuesday Blitz"]
[Site "Chess.com"]
[Date "2019.01.01"]
[Round "5"]
[White "Muracle"]
[Black "xpto15"]
[Result "0-1"]
[WhiteElo "2511"]
[BlackElo "2208"]
[TimeControl "180+2"]
[EndTime "14:09:16 PST"]
[Termination "xpto15 won by resignation"]

1. Nf3 Nf6 2. g3 g6 3. Bg2 Bg7 4. O-O O-O 5. d4 d6 6. b3 Nbd7 7. Bb2 e5 8. dxe5 Ng4 9. Nc3 Ngxe5 10. Nxe5 Nxe5 11. Qd2 Nd7 12. Rab1 Re8 13. Nd5 Bxb2 14. Rxb2 a5 15. c4 Nf6 16. Qc3 Nxd5 17. cxd5 Bf5 18. Rc1 Qe7 19. a4 h5 20. h3 Rec8 21. Kh2 h4 22. g4 Bd7 23. f4 c6 24. Qd3 cxd5 25. Rbc2 Rxc2 26. Rxc2 Bc6 27. Bxd5 Bxd5 28. Qxd5 Re8 29.
Rd2 Qe3 30. Qxd6 Qf2+ 31. Kh1 Qe1+ 32. Kg2 Re3 33. Qd8+ Kh7 34. Qd4 Rg3+ 35. Kh2 Rxh3+ 36. Kg2 Qh1+ 37. Kf2 Rg3 38. e3 Qg1+ 39. Ke2 Rg2+ 40.
Kd3 h3 41. Qf6 Qb1+ 42. Kc4 Qc1+ 43. Kb5 Qc6+ 0-1

[Event "*** Titled Tuesday Blitz"]
[Site "Chess.com"]
[Date "2019.01.01"]
[Round "5"]
[White "Alexander_Moskalenko"]
[Black "ramses135"]
[Result "1-0"]
[WhiteElo "2815"]
[BlackElo "2474"]
[TimeControl "180+2"]
[EndTime "14:09:21 PST"]
[Termination "Alexander_Moskalenko won by resignation"]

1. d4 f5 2. h3 d5 3. g4 fxg4 4. hxg4 Bxg4 5. Qd3 Nf6 6. Bh3 Qd7 7. Bxg4 Qxg4 8.
Nf3 Nc6 9. Ne5 Qxd4 10. Nxc6 Qxd3 11. cxd3 bxc6 12. Nc3 e5 13. Bd2 Bd6 14. Rc1 Kd7 15. b3 h6 16. e4 g5 17. Ke2 Rag8 18. Rh2 h5 19. Rch1 h4 20. f3 Nh5 21. Rg1 Ng3+ 22. Ke1 Ke6 23. Ne2 Bc5 24. Rgg2 Nxe2 25. Kxe2 Kf6 26.
Rh1 Rh5 27. Rc1 Bd6 28. Rxc6 dxe4 29. dxe4 h3 30. Rh2 g4 31. fxg4 Rxg4 32. Kf3 Rg1 33. Rc1 Rxc1 34. Bxc1 Bc5 35. Kg4 Rh7 36. Rxh3 Rxh3 37.
Kxh3 Bd4 38. Kg4 c6 39. Bg5+ Ke6 40. Kf3 a6 41. Ke2 c5 42. Bh6 Kd6 43. Kf3 Kc6 44.
a4 c4 45. b4 Bc3 46. Bf8 Bd2 47. Ke2 c3 48. Kd3 Kb6 49. Bd6 Kc6 50. Bxe5 Be1 51. Bxc3 1-0

[Event "*** Titled Tuesday Blitz"]
[Site "Chess.com"]
[Date "2019.01.01"]
[Round "5"]
[White "VerdeNotte"]
[Black "BartoszSocko"]
[Result "1-0"]
[WhiteElo "2853"]
[BlackElo "2661"]
[TimeControl "180+2"]
[EndTime "14:09:22 PST"]
[Termination "VerdeNotte won by resignation"]

1. e4 e6 2. d4 d5 3. e5 c5 4. c3 Nc6 5. Nf3 Qb6 6. Be2 cxd4 7. cxd4 Nh6 8. Bxh6 Qxb2 9. Nc3 gxh6 10. Nb5 Qb4+ 11. Kf1 Qa5 12. Qc1 Qd8 13. h4 a6 14. Nd6+ Bxd6 15. exd6 Qxd6 16. Qxh6 Bd7 17. Qg7 Qf8 18. Qf6 Rg8 19. Qf4 O-O-O 20. Rb1 f6 21. g3 Qe7 22.
Kg2 e5 23. dxe5 fxe5 24. Qa4 e4 25. Ng5 Kc7 26. Rhc1 Ra8 27. Qa5+ Kc8 28. Rxb7 Kxb7 29. Rb1+ Kc8 30. Bxa6+ Rxa6 31. Qxa6+ Kd8 32. Qa8+ Bc8 33.
Qxc6 Qd7 34. Qf6+ Ke8 35. Rb8 Rf8 36. Qe5+ Kd8 37. Ne6+ Ke7 1-0

[Event "*** Titled Tuesday Blitz"]
[Site "Chess.com"]
[Date "2019.01.01"]
[Round "5"]
[White "ChessGamingPro"]
[Black "pawnhopper316"]
[Result "1/2-1/2"]
[WhiteElo "1663"]
[BlackElo "2224"]
[TimeControl "180+2"]
[EndTime "14:09:24 PST"]
[Termination "Game drawn - insufficient material"]

1. e4 c6 2. d4 d5 3. Nc3 dxe4 4. Nxe4 Bf5 5. Ng3 Bg6 6. h4 h6 7. Nf3 Nd7 8. h5 Bh7 9. Bd3 Bxd3 10. Qxd3 e6 11. Bd2 Qc7 12. O-O-O Bd6 13. Ne4 Bf4 14. Bxf4 Qxf4+ 15. Kb1 Ngf6 16. Nxf6+ Qxf6 17. Ne5 Nxe5 18. dxe5 Qe7 19. f4 O-O 20. g4 Rfd8 21. Qg3 Rxd1+ 22. Rxd1 Rd8 23. Rxd8+ Qxd8 24. Qd3 Qb6 25. Qd1 Qe3 26. Qd8+ Kh7 27. Qd3+ Qxd3 28. cxd3 g6 29. Kc2 f6 30.
exf6 gxh5 31. gxh5 Kg8 32. Kc3 Kf7 33. Kd4 Kxf6 34.
Ke4 c5 35. b3 b6 36. a3 a6 37. a4 b5 38. axb5 axb5 39. Ke3 Kf5 40. Kf3 e5 41.
fxe5 Kxe5 42. Kg4 Kd4 43. Kf5 Kxd3 44. Kg6 c4 45. bxc4 bxc4 46. Kxh6 c3 47. Kg7 c2 48. h6 c1=Q 49. h7 Qg5+ 50. Kh8 Qf6+ 51. Kg8 Qe6+ 52.
Kg7 Qe7+ 53. Kg8 Qe8+ 54. Kg7 Qe5+ 55. Kg8 Qg5+ 56. Kh8 Qf6+ 57. Kg8 Qg6+ 58. Kh8 Qe8+ 59. Kg7 Qd7+ 60. Kg8 Qd5+ 61. Kg7 Ke4 62. h8=Q Qd7+ 63. Kg8 Kf4 64. Qh4+ Qg4+ 65. Qxg4+ Kxg4 1/2-1/2

[Event "*** Titled Tuesday Blitz"]
[Site "Chess.com"]
[Date "2019.01.01"]
[Round "5"]
[White "SolidJ"]
[Black "aa175"]
[Result "1-0"]
[WhiteElo "1693"]
[BlackElo "1911"]
[TimeControl "180+2"]
[EndTime "14:09:27 PST"]
[Termination "SolidJ won on time"]

1. e4 e5 2. Nf3 f5 3. exf5 d6 4. d4 e4 5. Qe2 Bxf5 6. d5 Nf6 7. Nc3 Be7 8. Nd4 Bg6 9. Qb5+ Nbd7 10. Qxb7 Rb8 11.
Qxa7 Qc8 12. Ne6 Rb7 13. Qa4 Rb6 14. Nxg7+ Kf7 15. Ne6 Re8 16. Bb5 Bf5 17. Be3 Rb8 18.
Ba6 Nb6 19. Bxb6 Qd7 20. Bb5 c6 21. Bxc6 Qc8 22. Bxe8+ Nxe8 23. Bd4 Rxb2 24. O-O Qb7 25. Rab1 Rxb1 26. Rxb1 Qc8 27. h3 h6 28. Re1 1-0

[Event "*** Titled Tuesday Blitz"]
[Site "Chess.com"]
[Date "2019.01.01"]
[Round "5"]
[White "KenanGarayev"]
[Black "Paralinch"]
[Result "1/2-1/2"]
[WhiteElo "2848"]
[BlackElo "2912"]
[TimeControl "180+2"]
[EndTime "14:09:28 PST"]
[Termination "Game drawn by repetition"]

1. d4 d5 2. c4 dxc4 3. Nf3 a6 4. e3 Bg4 5. Bxc4 e6 6. h3 Bh5 7.
O-O Nf6 8. Be2 Nc6 9. b3 Bd6 10. Nbd2 O-O 11. Bb2 Re8 12. Nc4 Bf8 13. Nfe5 Bxe2 14.
Qxe2 Nxe5 15. Nxe5 Nd7 16. Nxd7 Qxd7 17. Rad1 a5 18.
a4 c6 19. e4 b5 20. f4 bxa4 21. bxa4 c5 22. dxc5 Qxa4 23. Qe3 Qc6 24. Rc1 a4 25. Ba3 Rab8 26. Rfd1 Rb3 27. Rd3 Reb8 28. Kh2 Rxd3 29.
Qxd3 Rb3 30. Rc3 Rxc3 31. Qxc3 Qxe4 32. c6 Qxf4+ 33. g3 Qc7 34. Bxf8 Kxf8 35. Qb4+ Ke8 36. Qxa4 e5 37. Qa8+ Ke7 38. Qa3+ Ke6 39. Qc5 h5 40. Kg2 f5 41. h4 g6 42. Kh2 e4 43. Kg2 Kf6 44. Kf2 Ke6 45. Kg2 Kf6 46. Kf2 Ke6 47.
Kg2 Kf6 48. Kf2 Ke6 1/2-1/2

[Event "*** Titled Tuesday Blitz"]
[Site "Chess.com"]
[Date "2019.01.01"]
[Round "5"]
[White "michaelq2d5"]
[Black "idvidal"]
[Result "1-0"]
[WhiteElo "2744"]
[BlackElo "2476"]
[TimeControl "180+2"]
[EndTime "14:09:29 PST"]
[Termination "michaelq2d5 won by checkmate"]

1. d4 Nf6 2. c4 e6 3. Nc3 Bb4 4. Qc2 O-O 5. Nf3 d5 6. cxd5 exd5 7. Bf4 c5 8. dxc5 Ne4 9. Bd2 Nxd2 10. Qxd2 Nc6 11. e3 Bg4 12. O-O-O Qa5 13. a3 Bxc3 14. Qxc3 Qxc3+ 15. bxc3 Rac8 16. Rxd5 Be6 17. Rd1 Na5 18. Nd4 Rxc5 19. Kb2 Bc4 20. Bd3 Rfc8 21. Rd2 Bd5 22. e4 Bxe4 23. Bxe4 Nc4+ 24. Kc2 Nxd2 25.
Kxd2 Rxc3 26. Bxb7 R8c5 27. Re1 g6 28. Re8+ Kg7 29.
Re7 Kf6 30. Rd7 Rxa3 31. Bd5 Kg5 32. Nf3+ Kh6 33. Bxf7 Rb5 34. Bg8 Kh5 35. Rxh7+ Kg4 36. Be6+ Kf4 37. Rh4# 1-0

[Event "*** Titled Tuesday Blitz"]
[Site "Chess.com"]
[Date "2019.01.01"]
[Round "5"]
[White "WorldChampionBulletChess"]
[Black "j2806"]
[Result "1-0"]
[WhiteElo "2096"]
[BlackElo "1734"]
[TimeControl "180+2"]
[EndTime "14:09:29 PST"]
[Termination "WorldChampionBulletChess won on time"]

1. Nc3 Nf6 2. e4 e5 3. Nf3 Nc6 4. Bc4 Be7 5. O-O O-O 6. d4 exd4 7. Nxd4 Nxd4 8. Qxd4 d6 9. Bg5 b6 10. Rad1 Bb7 11. Rfe1 Re8 12. h3 h6 13. Bh4 Nd7 14. Bxe7 Qxe7 15. Nd5 Qd8 16. Re3 Ne5 17. Rg3 Kh8 18. Be2 Ng6 19. Bh5 Bxd5 20. Qxd5 Qf6 21. Rf3 Qe5 22. Qxf7 Qxh5 23. g4 Qg5 24. Rd5 Ne5 25.
Rxe5 Qxe5 26. Qxc7 Qxe4 27. Rf7 Rg8 28. Qxd6 Rae8 29. Qg3 Qxc2 30. g5 Re1+ 31. Kg2 hxg5 32. Qxg5 1-0

[Event "*** Titled Tuesday Blitz"]
[Site "Chess.com"]
[Date "2019.01.01"]
[Round "5"]
[White "G_Threepwood"]
[Black "MatthewG-p4p"]
[Result "1-0"]
[WhiteElo "2504"]
[BlackElo "2639"]
[TimeControl "180+2"]
[EndTime "14:09:31 PST"]
[Termination "G_Threepwood won by resignation"]

1. e4 e6 2. d4 d5 3. Nd2 Nf6 4. e5 Nfd7 5. Bd3 c5 6. c3 Nc6 7. Ngf3 Qb6 8. O-O Be7 9. Re1 cxd4 10. cxd4 Nxd4 11. Nxd4 Qxd4 12. Nf3 Qb6 13. Qa4 Qb4 14.
Qc2 Qc5 15. Qe2 O-O 16. Ng5 h6 17. Nh7 Rd8 18. Qg4 Qb4 19. Bf4 f5 20. exf6 Nxf6 21. Nxf6+ Bxf6 22. Rxe6 Bxe6 23. Qxe6+ Kf8 24. Bh7 Rd7 25.
Re1 Rf7 26. Bd6+ 1-0

[Event "*** Titled Tuesday Blitz"]
[Site "Chess.com"]
[Date "2019.01.01"]
[Round "5"]
[White "IMAghasiyevKamal"]
[Black "albi1999"]
[Result "1-0"]
[WhiteElo "2539"]
[BlackElo "2461"]
[TimeControl "180+2"]
[EndTime "14:09:32 PST"]
[Termination "IMAghasiyevKamal won by resignation"]

1. e4 e5 2. Nf3 Nc6 3. Bb5 Nf6 4.
O-O Nxe4 5. d4 Nd6 6. Bxc6 dxc6 7. dxe5 Nf5 8. Qxd8+ Kxd8 9. Rd1+ Ke8 10. Nc3 Be7 11. h3 h5 12. Bg5 Be6 13. Rd2 Rd8 14. Rad1 Rxd2 15. Rxd2 f6 16. exf6 gxf6 17. Bf4 Bd6 18. Ne2 Kf7 19. b3 Bd5 20. Bxd6 cxd6 21. Nfd4 Ne7 22.
c4 Be4 23. f3 Bf5 24. h4 c5 25. Nb5 Rd8 26. Rxd6 Re8 27. Rd2 Nc8 28. Kf2 a6 29. Nc7 Re7 30. Nd5 Rd7 31. Ng3 Bg6 32. Ke1 b5 33.
Nf4 Rxd2 34. Kxd2 Bb1 35. Kc1 Bxa2 36. Kb2 b4 37. Kxa2 Ne7 38. Ngxh5 Nc6 39. Nd3 1-0

[Event "*** Titled Tuesday Blitz"]
[Site "Chess.com"]
[Date "2019.01.01"]
[Round "5"]
[White "DrMelekess"]
[Black "Gr3egor"]
[Result "1-0"]
[WhiteElo "2584"]
[BlackElo "2460"]
[TimeControl "180+2"]
[EndTime "14:09:34 PST"]
[Termination "DrMelekess won by resignation"]

1. Nf3 Nf6 2. g3 g6 3. Bg2 Bg7 4. O-O O-O 5. d3 d6 6. c4 c5 7. Nc3 Nc6 8. Rb1 Rb8 9. a3 Ng4 10. Bd2 a6 11. b4 cxb4 12. axb4 b5 13. cxb5 axb5 14. Qb3 Be6 15. Qd1 Nd4 16. Nxd4 Bxd4 17. h3 Nxf2 18. Rxf2 Rc8 19. Qe1 Bxf2+ 20. Qxf2 d5 21.
Kh2 Qd7 22. Qd4 Rfd8 23. Ra1 Ra8 24. Ra5 Rxa5 25. bxa5 Qc6 26. Qb4 Rb8 27. Qxe7 b4 28. Qf6 b3 29. Bh6 Qxc3 30. Qxc3 d4 31. Qxd4 b2 1-0

[Event "*** Titled Tuesday Blitz"]
[Site "Chess.com"]
[Date "2019.01.01"]
[Round "5"]
[White "nochewycandy"]
[Black "Boundless_Strike"]
[Result "0-1"]
[WhiteElo "2248"]
[BlackElo "2465"]
[TimeControl "180+2"]
[EndTime "14:09:38 PST"]
[Termination "Boundless_Strike won by resignation"]

1. c4 Nf6 2. g3 d5 3. cxd5 c6 4.
dxc6 Nxc6 5. Bg2 e5 6. d3 Bc5 7. Nc3 O-O 8. Nf3 h6 9. O-O Bf5 10. a3 Rc8 11. Na4 Bd4 12. Nxd4 Nxd4 13. Nc3 Bg4 14. Re1 e4 15. h3 Bh5 16. g4 Nxg4 17.
hxg4 Bxg4 18. Bxe4 Qh4 19. Be3 Rc5 20. Nd5 Be6 21. Bxd4 Qg5+ 22. Bg2 Rxd5 23. Be3 Qg6 24. Kf1 Rh5 25. f3 Rh2 26. Bg5 Qxg5 0-1

[Event "*** Titled Tuesday Blitz"]
[Site "Chess.com"]
[Date "2019.01.01"]
[Round "5"]
[White "Rainmond"]
[Black "wannabe2700"]
[Result "1-0"]
[WhiteElo "2794"]
[BlackElo "2551"]
[TimeControl "180+2"]
[EndTime "14:09:39 PST"]
[Termination "Rainmond won on time"]

1. d4 Nf6 2. Nf3 d5 3. c4 e6 4. Nc3 Be7 5. Bf4 O-O 6. e3 Nbd7 7.
c5 Nh5 8. b4 Nxf4 9. exf4 b6 10. Bd3 a5 11. a3 c6 12. O-O Ba6 13. Re1 g6 14. Ne5 Nxe5 15. fxe5 Bxd3 16. Qxd3 Qc7 17. Reb1 axb4 18. axb4 Ra7 19. Ra6 Rxa6 20. Qxa6 Rb8 21. Ra1 bxc5 22. bxc5 Rb4 23. Ne2 Kg7 24. g3 h5 25. Qa8 Rb8 26. Ra7 Qc8 27. Qxb8 Qxb8 28. Rxe7 g5 29. h4 gxh4 30. Nf4 hxg3 31. Nxe6+ Kh6 32.
Rxf7 gxf2+ 33. Kxf2 h4 34. Rf6+ Kh5 35. Rf5+ Kg6 36.
Rg5+ Kh6 37. Rg4 Qb2+ 38. Kf3 Qc3+ 39. Kf4 Qd2+ 40. Kf5 Qf2+ 41. Nf4 h3 42. Rg5 h2 43.
Rh5+ Kg7 44. e6 1-0

[Event "*** Titled Tuesday Blitz"]
[Site "Chess.com"]
[Date "2019.01.01"]
[Round "5"]
[White "Slovak_fighter2000"]
[Black "pedroholly22"]
[Result "1-0"]
[WhiteElo "2446"]
[BlackElo "2237"]
[TimeControl "180+2"]
[EndTime "14:09:46 PST"]
[Termination "Slovak_fighter2000 won by resignation"]

1. Nf3 Nf6 2. c4 e6 3. d4 Bb4+ 4. Nbd2 O-O 5. g3 b6 6. Bg2 Bb7 7. O-O Nc6 8. a3 Be7 9. e4 d6 10. Qc2 e5 11. d5 Nb8 12. b4 c6 13. Bb2 cxd5 14. cxd5 a5 15. Rfc1 Na6 16. Qb3 axb4 17. axb4 Rc8 18. Bf1 Nb8 19. Rxc8 Bxc8 20. Ra7 Bg4 21.
h3 Bxf3 22. Qxf3 Nbd7 23. Qc3 Qb8 24. Qc7 Rc8 25. Qxb8 Nxb8 26. Rxe7 Rc2 27. Nc4 b5 28. Nxd6 Rxb2 29. Rb7 Nbd7 30. Bxb5 Nf8 31. Bc6 g5 32.
Nxf7 Nxe4 33. d6 Nxf2 34. Nxg5 Nd3 35. d7 Rb1+ 36. Kg2 Ne1+ 37. Kf2 Nxd7 38. Bxd7 Nd3+ 39. Ke3 Nxb4 40. Be6+ Kf8 41. Nxh7+ Ke8 42. Nf6+ Kd8 43.
Rd7+ Kc8 44. Rd1+ Kc7 45. Rxb1 Nc2+ 46. Ke4 Nd4 47. Kxe5 Nf3+ 48. Kf4 Nh2 49. Ng4 Nf1 50. Rxf1 1-0

[Event "*** Titled Tuesday Blitz"]
[Site "Chess.com"]
[Date "2019.01.01"]
[Round "5"]
[White "DanielMieles1985"]
[Black "HouseOfDurin"]
[Result "1-0"]
[WhiteElo "2134"]
[BlackElo "1839"]
[TimeControl "180+2"]
[EndTime "14:09:47 PST"]
[Termination "DanielMieles1985 won by checkmate"]

1. d4 Nf6 2. c4 c5 3. d5 b5 4.
cxb5 a6 5. e3 axb5 6. Bxb5 Bb7 7. Nc3 e6 8. e4 Qa5 9. Ne2 Nxe4 10. O-O Nf6 11. Nf4 e5 12. Re1 Bd6 13. Nd3 O-O 14. Nxe5 Bxe5 15. Rxe5 d6 16. Rg5 Na6 17. Rg3 Nc7 18. Bh6 g6 19. Bxf8 Rxf8 20. Bc4 Qb4 21. b3 Re8 22. a3 Qa5 23. Qd3 Nfxd5 24. Ne4 Qb6 25. Rd1 Re5 26. Nc3 Nxc3 27. Qxc3 d5 28.
Qxe5 dxc4 29. Rd8+ Ne8 30. Rxe8# 1-0